 Dungeon Crawl Stone Soup version 0.20.1-1-g8b1a95d (webtiles) character file.

1536 seb29deBrest the Ducker (level 8, -7/57 HPs)
             Began as a Merfolk Ice Elementalist on Nov 9, 2017.
             Was a Priest of Elyvilon.
             Mangled by an orc warrior
             ... wielding a +0 halberd
              (25 damage)
             ... on level 7 of the Dungeon.
             The game lasted 01:21:35 (7678 turns).

seb29deBrest the Ducker (Merfolk Ice Elementalist)  Turns: 7678, Time: 01:21:35

Health: -7/57      AC:  4    Str:  9    XL:     8   Next: 86%
Magic:  12/15      EV: 16    Int: 15    God:    Elyvilon [***...]
Gold:   347        SH:  0    Dex: 15    Spells: 1/17 levels left

rFire    . . .     SeeInvis .   o - +2 hunting sling (velocity)
rCold    . . .     Gourm    .   (no shield)
rNeg     . . .     Faith    .   s - +0 robe
rPois    .         Spirit   .   j - +0 helmet
rElec    .         Reflect  .   (no cloak)
rCorr    +         Harm     .   (no gloves)
MR       .....                  (no boots)
Stlth    ++........             (no amulet)
Regen    0.2/turn               A - +1 ring of protection
MPRegen  0.2/turn               v - ring of resist corrosion

@: starving
A: change form in water, swift swim, stealthy swim
a: Lesser Healing, Heal Other, Purification, Divine Protection, Renounce
Religion


You were on level 7 of the Dungeon.
You worshipped Elyvilon.
Elyvilon was most pleased with you.
You were starving.

You visited 2 branches of the dungeon, and saw 8 of its levels.

You collected 347 gold pieces.

Inventory:

Hand Weapons
 f - a +0 hand axe
 o - a +2 hunting sling of velocity (weapon)
Missiles
 d - 78 bolts
 m - 69 poisoned needles
 n - 147 stones
 x - 38 sling bullets (quivered)
Armour
 a - a +0 robe
 j - a +0 helmet (worn)
 l - a +0 hat
 s - a +0 robe (worn)
 w - a +0 ring mail
 J - a +0 naga barding
Magical Staves
 I - an uncursed staff of death
Jewellery
 v - a ring of resist corrosion (right hand)
 A - a +1 ring of protection (left hand)
 B - an uncursed ring of fire
 C - an uncursed ring of ice {unknown}
 H - an uncursed amulet of magic regeneration {unknown}
Scrolls
 e - a scroll of amnesia
 h - a scroll of recharging {unknown}
 y - a scroll of magic mapping
 E - a scroll of vulnerability {unknown}
 F - a scroll of blinking {unknown}
 G - a scroll of random uselessness {unknown}
 K - a scroll of enchant armour {unknown}
 M - a scroll of remove curse
Potions
 k - a potion of heal wounds
 p - a potion of invisibility {unknown}
 q - a potion of mutation {unknown}
 r - a potion of lignification {unknown}
 u - a potion of curing
 D - a potion of agility
 L - 2 potions of haste
Books
 b - a book of Frost

   Spells                             Type                      Level
   a - Freeze                         Ice                          1
   b - Throw Frost                    Conjuration/Ice              2
   c - Ozocubu's Armour               Charms/Ice                   3
   d - Throw Icicle                   Conjuration/Ice              4
   e - Summon Ice Beast               Ice/Summoning                4
 i - a book of Minor Magic

   Spells                             Type                      Level
   a - Magic Dart                     Conjuration                  1
   b - Blink                          Translocation                2
   c - Call Imp                       Summoning                    2
   d - Slow                           Hexes                        2
   e - Conjure Flame                  Conjuration/Fire             3
   f - Mephitic Cloud                 Conjuration/Poison/Air       3
 t - a book of Necromancy

   Spells                             Type                      Level
   a - Pain                           Necromancy                   1
   b - Animate Skeleton               Necromancy                   1
   c - Vampiric Draining              Necromancy                   3
   d - Regeneration                   Charms/Necromancy            3
   e - Animate Dead                   Necromancy                   4
   f - Control Undead                 Necromancy                   4
   Elyvilon disapproves of the use of such an item.
Comestibles
 c - 2 bread rations
 g - 2 meat rations
 z - 2 royal jellies


   Skills:
 + Level 2.8 Fighting
 + Level 0.2 Axes
 + Level 4.8 Slings
 * Level 6.2 Dodging
 - Level 2.1 Stealth
 * Level 5.2 Spellcasting
 + Level 1.5 Conjurations
 + Level 0.2 Charms
 * Level 0.2 Summonings
 + Level 5.7 Ice Magic


You had one spell level left.
You knew the following spells:

 Your Spells              Type           Power        Failure   Level  Hunger
a - Throw Frost           Conj/Ice       ##....       5%          2    ##.....
b - Freeze                Ice            ###.         1%          1    None
c - Ozocubu's Armour      Chrm/Ice       ##......     14%         3    ###....
d - Summon Ice Beast      Ice/Summ       ##......     43%         4    ####...
e - Throw Icicle          Conj/Ice       ##......     34%         4    ####...
f - Blink                 Tloc           N/A          24%         2    ##.....


Dungeon Overview and Level Annotations

Branches:
Dungeon (7/15)             Temple (1/1) D:5

Altars:
Ashenzari
Cheibriados
Dithmenos
Elyvilon
Fedhas
Hepliaklqana
Kikubaaqudgha
Nemelex Xobeh
Okawaru
Qazlal
Sif Muna
Trog
Vehumet
Xom
Yredelemnul

Shops:
D:5 }

Annotations:
D:5 Grinder


Message History

Press: ? - help, Shift-Dir - straight line, f/p - orc warrior
Aim: an orc warrior, wielding a halberd and wearing a chain mail (severely wounded)
You shoot a sling bullet. The sling bullet hits the orc warrior.
The orc warrior is severely wounded.
The orc warrior hits you from afar with a halberd!!
Firing (i - inventory. (,) - cycle):
x - 40 sling bullets (quivered)
Press: ? - help, Shift-Dir - straight line, f/p - orc warrior
Aim: an orc warrior, wielding a halberd and wearing a chain mail (severely wounded)
You shoot a sling bullet.
The sling bullet closely misses the orc warrior.
The crimson imp blinks!
The orc warrior hits you from afar with a halberd.
Firing (i - inventory. (,) - cycle):
x - 39 sling bullets (quivered)
Press: ? - help, Shift-Dir - straight line, f/p - orc warrior
Aim: an orc warrior, wielding a halberd and wearing a chain mail (severely wounded)
You shoot a sling bullet.
The sling bullet hits the orc warrior but does no damage.
The orc warrior is severely wounded.
The orc warrior hits you from afar with a halberd!!
You die...

#.....#........#
#...............
#.....#.......#.
##...##......## ###
##.###.#...## ... #.#
#.##.## #.# #.#
#.###.###.# #.#
#........# #.#
########@# #.# ##)##
#.# ##.o.## ###.##
##.....## #.<..#
##.......## ........#
#.........#
...........+.......ยง>+
.##.#...####....(....#
#.##..# ##.......##


You could see an orc warrior.

Vanquished Creatures
  A water moccasin (D:6)
  The ghost of Glamhuggeren the Sneak, an amateur VSEn of Dithmenos (D:3)
  A black bear (D:6)
  2 phantoms (D:5)
  2 sky beasts
  3 ogres (D:6)
  2 bullfrogs (D:6)
  A howler monkey (D:6)
  A crimson imp (D:5)
  A bullfrog zombie (D:5)
  2 bullfrog skeletons
  An iguana (D:6)
  2 worker ants
  11 adders
  A gnoll (D:2)
  2 worker ant zombies
  3 shadow imps (D:5)
  An ooze (D:5)
  3 adder skeletons
  An adder zombie (D:6)
  2 dart slugs
  3 leopard geckos (D:2)
  4 orcs
  3 giant cockroaches
  6 goblins
  7 hobgoblins
  14 jackals
  3 quokkas
  4 bats
  7 frilled lizards
  4 kobolds
  A leopard gecko zombie (D:5)
  2 rats (D:1)
102 creatures vanquished.

Vanquished Creatures (collateral kills)
  An orc wizard (D:7)
  An orc (D:7)
2 creatures vanquished.

Vanquished Creatures (others)
  A human (D:3)
1 creature vanquished.

Grand Total: 105 creatures vanquished

Notes
Turn   | Place    | Note
-------+----------+-------------------------------------------
     0 | D:1      | seb29deBrest the Merfolk Ice Elementalist began the quest for the Orb.
     0 | D:1      | Reached XP level 1. HP: 13/13 MP: 3/3
   316 | D:1      | Reached skill level 3 in Dodging
   352 | D:1      | Reached XP level 2. HP: 16/19 MP: 5/5
  1172 | D:2      | Reached XP level 3. HP: 20/25 MP: 6/6
  1646 | D:2      | Found a white marble altar of Elyvilon.
  1655 | D:2      | Became a worshipper of Elyvilon the Healer
  1781 | D:2      | Reached skill level 1 in Slings
  1814 | D:2      | Learned a level 2 spell: Throw Frost
  1895 | D:2      | Found a shattered altar of Ashenzari.
  1902 | D:2      | Reached XP level 4. HP: 31/31 MP: 0/7
  2172 | D:2      | Reached skill level 1 in Fighting
  2667 | D:3      | Reached * piety under Elyvilon
  2686 | D:3      | Noticed Glamhuggeren's ghost (amateur VSEn)
  2902 | D:3      | Killed Glamhuggeren's ghost
  2902 | D:3      | Reached skill level 4 in Dodging
  2902 | D:3      | Reached XP level 5. HP: 27/37 MP: 1/9
  2911 | D:3      | Reached skill level 1 in Conjurations
  3456 | D:3      | Learned a level 1 spell: Freeze
  3463 | D:3      | Learned a level 3 spell: Ozocubu's Armour
  3468 | D:3      | Learned a level 4 spell: Summon Ice Beast
  3646 | D:3      | Found an ancient bone altar of Kikubaaqudgha.
  3649 | D:3      | Noticed a human
  3650 | D:3      | Killed a human
  3722 | D:5      | Entered Level 5 of the Dungeon
  3722 | D:5      | Found Difrargh's Gadget Boutique.
  3837 | D:5      | Noticed a phantom
  3860 | D:5      | Killed a phantom
  3860 | D:5      | Reached XP level 6. HP: 40/43 MP: 5/10
  4305 | D:5      | Found a staircase to the Ecumenical Temple.
  4317 | Temple   | Entered the Ecumenical Temple
  4326 | Temple   | Reached ** piety under Elyvilon
  4941 | D:5      | Noticed a sky beast
  4953 | D:5      | Killed a sky beast
  4953 | D:5      | Reached XP level 7. HP: 32/49 MP: 0/12
  5163 | D:5      | Noticed Grinder
  5166 | D:5      | Paralysed by Grinder for 6 turns
  5179 | D:5      | Paralysed by Grinder for 6 turns
  5765 | D:5      | Reached skill level 5 in Dodging
  5968 | D:5      | Paralysed by Grinder for 4 turns
  5978 | D:5      | Paralysed by Grinder for 4 turns
  6077 | D:6      | Found a basalt altar of Yredelemnul.
  6194 | D:6      | Reached XP level 8. HP: 36/56 MP: 8/14
  6428 | D:6      | Reached skill level 5 in Ice Magic
  6713 | D:6      | Reached *** piety under Elyvilon
  6768 | D:6      | Reached skill level 6 in Dodging
  6817 | D:6      | Reached skill level 5 in Spellcasting
  7042 | D:6      | Learned a level 4 spell: Throw Icicle
  7046 | D:6      | Learned a level 2 spell: Blink
  7678 | D:7      | Mangled by an orc warrior

Skill      XL: |  1  2  3  4  5  6  7  8 |
---------------+-------------------------+-----
Dodging        | 3 4 5 6 |  6.2
Slings         | 1 2 3 4 |  4.8
Fighting       | 1 2 |  2.8
Spellcasting   | 3 4 5 |  5.2
Conjurations   | 1 |  1.5
Ice Magic      | 4 5 |  5.7
Axes           | |  0.2
Stealth        | |  2.1
Charms         | |  0.2
Summonings     | |  0.2

Action                   |  1- 3 |  4- 6 |  7- 9 || total
-------------------------+-------+-------+-------++-------
Melee: Hand axe          |    24 |     3 |       ||    27
       Hunting sling     |     1 |       |     1 ||     2
 Fire: Hunting sling     |    50 |   151 |   141 ||   342
 Cast: Freeze            |     7 |    12 |    49 ||    68
       Throw Frost       |     5 |    30 |    13 ||    48
       Ozocubu's Armour  |       |     1 |     1 ||     2
       Summon Ice Beast  |       |       |     1 ||     1
  Use: Scroll            |     2 |     5 |     6 ||    13
       Potion            |       |       |     5 ||     5
  Eat: Bread ration      |     1 |     1 |     1 ||     3
       Chunk             |       |     1 |     3 ||     4
       Meat ration       |       |     1 |       ||     1
Armor: Robe              |     6 |    29 |    19 ||    54
Dodge: Dodged            |    39 |   103 |    79 ||   221
